Map: Vallée des cactus EC

Players

AgCl - Winner!

  • Race: Protoss Protoss

Juicy

  • Race: Zerg Zerg

VOD

Have the link to the VOD?

Description

Time

  • Played on: May 24, 2015, 8:55 p.m.
  • Length: 10:10
Show
View Real Time Build Order
Export as new Build Order

AgCl Protoss - Winner!

Build Orders: Oracle Opening, Oracle Opening 

Get SALT Encoding   

  12  0:19  Pylon  
  12  0:20  Probe  
  13  0:32  Probe  
  14  0:40  Assimilator  
  14  0:44  Probe  
  15  0:51  Gateway  
  15  0:56  Probe (Chrono Boost)  
  16  1:08  Probe (Chrono Boost)  
  17  1:14  Probe (Chrono Boost)  
  18  1:24  Pylon  
  18  1:25  Probe  
  19  1:37  Probe  
  20  1:43  Zealot (Chrono Boost)  
  22  1:49  Probe  
  23  1:55  Assimilator  
  23  1:58  Cybernetics Core  
  23  2:01  Probe  
  24  2:14  Probe  
  25  2:26  Probe  
  26  2:39  Nexus  
  24  2:46  Probe (Chrono Boost)  
  24  2:47  Stargate  
  25  2:56  Mothership Core (Chrono Boost)  
  29  3:10  Warp Gate (Chrono Boost)  
  29  3:11  Pylon  
  29  3:12  Probe  
  30  3:29  Probe  
  30  3:33  Adept (Chrono Boost)  
  30  3:35  Pylon  
  30  3:40  Pylon  
  29  3:42  Probe (Chrono Boost)  
  29  3:50  Pylon, Oracle  
  29  3:51  Probe (Chrono Boost)  
  34  3:59  Probe (Chrono Boost)  
  34  4:01  Probe (Chrono Boost)  
  35  4:06  Probe (Chrono Boost)  
  35  4:09  Probe (Chrono Boost)  
  37  4:16  Fleet Beacon  
  37  4:18  Probe (Chrono Boost)  
  39  4:28  Assimilator  
  39  4:29  Probe (Chrono Boost)  
  39  4:30  Probe (Chrono Boost)  
  40  4:37  Probe x2 (Chrono Boost)  
  42  4:48  Probe x2 (Chrono Boost)  
  43  5:00  Probe (Chrono Boost)  
  43  5:04  Probe (Chrono Boost)  
  43  5:05  Gateway  
  44  5:07  Probe (Chrono Boost)  
  44  5:10  Probe, Carrier (Chrono Boost), Assimilator  
  45  5:15  Nexus  
  45  5:16  Pylon  
  45  5:17  Probe  
  46  5:22  Probe  
  47  5:29  Probe  
  47  5:35  Probe  
  55  5:43  Probe  
  55  5:46  Adept  
  55  5:47  Probe  
  59  5:55  Probe  
  60  5:59  Probe  
  59  6:07  Probe, Adept x2, Carrier (Chrono Boost)  
  59  6:11  Probe, Pylon  
  59  6:18  Stargate  
  59  6:19  Probe  
  59  6:20  Pylon  
  59  6:24  Probe  
  67  6:43  Zealot  
  67  6:44  Zealot  
  67  6:45  Probe  
  70  7:00  Pylon  
  64  7:04  Pylon, Oracle (Chrono Boost)  
  64  7:08  Carrier (Chrono Boost)  
  65  7:21  Graviton Catapult (Chrono Boost)  
  71  7:24  Probe  
  65  7:31  Void Ray (Chrono Boost)  
  57  7:44  Forge  
  57  7:45  Zealot  
  57  7:48  Probe (Chrono Boost)  
  60  7:59  Carrier (Chrono Boost)  
  60  8:00  Probe (Chrono Boost)  
  60  8:01  Pylon  
  60  8:03  Probe (Chrono Boost)  
  61  8:12  Probe (Chrono Boost)  
  63  8:13  Probe (Chrono Boost)  
  63  8:16  Nexus  
  63  8:18  Pylon  
  63  8:19  Assimilator  
  67  8:28  Probe  
  68  8:35  Photon Cannon  
  68  8:49  Photon Cannon  
  68  9:23  Nexus  
  68  9:55  Photon Cannon  
  68  9:57  Zealot  
  68  9:58  Pylon  
Show
View Real Time Build Order
Export as new Build Order

Juicy Zerg 

Build Orders: Pool First 

Get SALT Encoding   

  12  0:01  Drone  
  13  0:12  Overlord  
  13  0:17  Drone  
  14  0:30  Drone  
  14  0:31  Drone  
  14  0:35  Drone  
  17  0:48  Spawning Pool  
  17  0:49  Extractor  
  15  0:50  Drone  
  15  0:56  Drone  
  17  1:17  Drone  
  18  1:27  Drone  
  18  1:28  Hatchery  
  18  1:36  Drone  
  18  1:39  Queen  
  21  1:46  Overlord  
  21  1:53  Drone  
  22  1:56  Metabolic Boost  
  22  2:07  Zergling x2  
  23  2:11  Zergling x2  
  23  2:14  Queen  
  26  2:29  Zergling x2  
  27  2:32  Overlord  
  27  2:47  Queen  
  29  2:53  Drone  
  29  2:54  Drone x6  
  36  3:05  Drone x2  
  38  3:09  Burrow  
  38  3:13  Drone  
  39  3:24  Zergling x10  
  42  3:43  Zergling x4  
  42  3:45  Overlord  
  43  3:51  Roach Warren  
  42  3:58  Evolution Chamber  
  42  4:00  Drone x3  
  43  4:03  Extractor x2  
  43  4:06  Drone x3  
  44  4:19  Drone x3  
  44  4:20  Drone x3  
  44  4:24  Drone  
  51  4:45  Overlord  
  51  4:59  Overlord x4  
  51  5:00  Overlord x2  
  51  5:05  Roach x4  
  59  5:16  Lair  
  61  5:21  Roach x4  
  67  5:33  Roach x2  
  67  5:34  Roach x6  
  67  5:35  Hatchery  
  82  5:39  Zerg Missile Weapons Level 1  
  81  5:56  Roach x3  
  81  5:57  Roach  
  86  6:07  Roach x4  
  86  6:08  Roach x3  
  98  6:15  Ravager x2  
  98  6:16  Ravager  
  100  6:20  Ravager  
  82  7:06  Roach x13  
  82  7:07  Roach  
  82  7:08  Roach x14  
  106  7:22  Roach x12  
  94  7:51  Hydralisk Den  
  94  7:57  Spire  
  80  8:06  Roach x6  
  80  8:13  Roach x10  
  98  8:22  Drone x5  
  98  8:23  Drone x3  
  106  8:32  Roach x6  
  106  8:39  Overlord x4  
  106  8:40  Overlord  
  103  8:58  Hydralisk x5  
  103  8:59  Hydralisk x2  
  111  9:11  Drone, Corruptor  
  111  9:16  Drone x3, Extractor  
  110  9:29  Drone x5  
  110  9:30  Drone x3  
  118  9:32  Extractor  
  118  9:33  Extractor  
  114  9:39  Hydralisk  
  114  9:40  Hydralisk x2  
Tags
 
Add a new tag
Caveats
  • Supply blocks, unpowered buildings, or Contaminate may cause inaccurate times.
  • Supply counts are checked every 10 seconds.